 Dungeon Crawl Stone Soup version 0.28-a0-691-gad6df49e81 (webtiles) character file.

Game seed: 5618794847464458100

753 ytrimaz the Conjurer (level 7, -1/50 HPs)
             Began as a White Draconian Conjurer on Oct 21, 2021.
             Was an Initiate of Ashenzari.
             Slain by a black bear (8 damage)
             ... on level 5 of the Dungeon.
             The game lasted 00:10:30 (6355 turns).

ytrimaz the Conjurer (White Draconian Conjurer)     Turns: 6355, Time: 00:10:31

Health: -1/50      AC:  8    Str:  9    XL:     7   Next: 49%
Magic:  8/15       EV: 12    Int: 21    God:    Ashenzari [......]
Gold:   164        SH:  0    Dex:  9    Spells: 13/16 levels left

rFire   . . .      SeeInvis .   h - +3 dagger (venom)
rCold   + . .      Faith    .   (no shield)
rNeg    . . .      Spirit   .   (armour unavailable)
rPois   .          Reflect  .   (helmet restricted)
rElec   .          Harm     .   b - +0 cloak
rCorr   .          Rampage  .   g - +0 pair of gloves
Will    .....                   (no boots)
Stlth   ++........              (no amulet)
HPRegen 0.16/turn               (no ring)
MPRegen 0.14/turn               (no ring)

@: no status effects
A: breathe frost, AC +6, unfitting armour, cold resistance 1, cold-blooded
a: Breathe Frost, Renounce Religion


You were on level 5 of the Dungeon.
You worshipped Ashenzari.
Ashenzari was noncommittal.
You visited 2 branches of the dungeon, and saw 6 of its levels.

You collected 164 gold pieces.

Inventory:

Hand Weapons
 h - a +3 dagger of venom (weapon)
Missiles
 f - a throwing net
Armour
 b - a +0 cloak (worn)
 g - a +0 pair of gloves (worn)
Scrolls
 e - a scroll of holy word
 j - a scroll of blinking
Potions
 a - a potion of flight
 c - 2 potions of heal wounds
 d - a potion of cancellation
 i - 3 potions of curing


   Skills:
 + Level 3.0 Dodging
 - Level 1.7 Stealth
 * Level 5.3 Spellcasting
 * Level 6.9 Conjurations


You had 13 spell levels left.
You knew the following spells:

 Your Spells              Type           Power      Damage    Failure   Level
a - Magic Dart            Conj           100%       1d8       1%          1
b - Searing Ray           Conj           68%        2d6       1%          2

Your spell library contained the following spells:

 Spells                   Type           Power      Damage    Failure   Level
 Dazzling Flash           Conj/Hex       40%        N/A       8%          3
 Fulminant Prism          Conj/Hex       10%        3d9       26%         4
 Iskenderun's Mystic Bla  Conj/Tloc      20%        2d6       26%         4
 Ozocubu's Armour         Ice            5%         N/A       30%         3
 Spider Form              Tmut/Pois      2%         N/A       30%         3
 Borgnjor's Vile Clutch   Necr/Erth      2%         N/A       96%         5
 Ozocubu's Refrigeration  Ice            2%         4d5       100%        7
 Shatter                  Erth           2%         3d6*      100%        9


Dungeon Overview and Level Annotations

Branches:
Dungeon (5/15)             Temple (1/1) D:5

Altars:
Ashenzari
Cheibriados
Dithmenos
Fedhas
Gozag
Makhleb
Nemelex Xobeh
Okawaru
Ru
Trog
Zin
The Shining One

Shops:
D:5 :


Innate Abilities, Weirdness & Mutations

You can breathe waves of freezing cold which knock back foes.
Your icy white scales are hard. (AC +6)
You cannot fit into any form of body armour.
Your flesh is cold resistant. (rC+)
You are cold-blooded and may be slowed by cold attacks.


Message History

Confirm with . or Enter, or press ? or * to list all spells.
Aiming: Searing Ray (safe; 1% risk of failure)
Press: ? - help, Shift-Dir - straight line, f/p - black bear
Aim: a black bear (almost dead, berserk, 86% to hit)
(Press . to maintain the ray.)
The black bear bites you but does no damage.
The black bear barely misses you. The black bear claws you.
The black bear barely misses you. x2
The black bear claws you but does no damage.
Unknown command.
The black bear barely misses you. The black bear closely misses you.
The black bear barely misses you.
Unknown command.
The magic dart hits the black bear.
The black bear is almost dead.
The black bear bites you but does no damage.
The black bear claws you but does no damage.
The black bear claws you. The black bear barely misses you.
The black bear claws you. x2
The magic dart hits the black bear.
The black bear is almost dead.
The black bear barely misses you.
The black bear claws you but does no damage. x2
The black bear closely misses you.
The black bear claws you but does no damage.
The black bear claws you.
The black bear rages.
The black bear misses you. The black bear claws you.
The black bear closely misses you. The black bear barely misses you.
The black bear completely misses you.
The black bear claws you but does no damage.
The black bear bites you. The black bear closely misses you. x2
The black bear bites you!
* * * LOW HITPOINT WARNING * * *
The black bear barely misses you. The black bear claws you.
* * * LOW HITPOINT WARNING * * *
The black bear rages.
The jackal misses you. The black bear bites you!
You die...

.).....#......^.........
#..#....................
..)..............$......
..#..####...............
..#..####...............
..#..#..................
.......##...............
..#.(...##......hh......
#.........#.....@......#
....#.#........#..##....
.#.##.##.....)..........
##.##.######...........#
##.##.#####..##....#...#
...##.##..<.###..).#####
.####.##....†..........
))........#####....####
#.........# #....#


You could see a black bear (berserk) and a jackal.

Vanquished Creatures
  2 necrophages
  A scorpion (D:5)
  A water moccasin skeleton (D:5)
  A bullfrog zombie (D:5)
  A centaur zombie (D:5)
  An iguana (D:5)
  A scorpion zombie (D:5)
  3 orc wizards (D:4)
  A hound skeleton (D:5)
  8 gnolls
  7 adders
  3 worms
  7 dart slugs
  12 orcs
  3 bats
  8 endoplasms
  4 giant cockroaches
  10 goblins
  5 hobgoblins
  8 jackals
  6 quokkas
  8 ball pythons
  4 frilled lizards
  5 kobolds
  3 rats (D:1)
113 creatures vanquished.

Vanquished Creatures (others)
  A fungus (D:1)
  2 plants (D:1)
3 creatures vanquished.

Grand Total: 116 creatures vanquished

Notes
Turn   | Place    | Note
-------+----------+-------------------------------------------
     0 | D:1      | ytrimaz the Draconian Conjurer began the quest for the Orb.
     0 | D:1      | Reached XP level 1. HP: 14/14 MP: 3/3
     6 | D:1      | Noticed a polar bear
     6 | D:1      | Noticed a lindwurm
     6 | D:1      | Noticed a black mamba
     7 | D:1      | Noticed a rime drake
   717 | D:1      | Reached XP level 2. HP: 16/20 MP: 0/5
   978 | D:1      | Got the Reference Book on Earthen Transmutation
  1012 | D:1      | Found a faded altar of an unknown god.
  1229 | D:1      | Reached XP level 3. HP: 26/26 MP: 1/6
  2064 | D:2      | Reached skill level 5 in Conjurations
  2064 | D:2      | Reached XP level 4. HP: 21/33 MP: 1/8
  2508 | D:2      | Learned a level 2 spell: Searing Ray
  3666 | D:4      | Noticed a necrophage
  3713 | D:3      | Killed a necrophage
  3714 | D:3      | Reached XP level 5. HP: 36/38 MP: 3/10
  4338 | D:4      | Reached XP level 6. HP: 30/45 MP: 2/11
  4458 | D:4      | Found a shadowy altar of Dithmenos.
  4500 | D:4      | Reached skill level 6 in Conjurations
  5024 | D:4      | Found an opulent altar of Gozag.
  5572 | D:5      | Entered Level 5 of the Dungeon
  5661 | D:5      | Your scales start taking on an icy white colour.
  5661 | D:5      | Reached XP level 7. HP: 50/50 MP: 6/14
  5661 | D:5      | Gained mutation: Your flesh is cold resistant. (rC+) [White
                  | Draconian growth]
  5713 | D:5      | Reached skill level 5 in Spellcasting
  6189 | D:5      | Found a staircase to the Ecumenical Temple.
  6200 | D:5      | Found Utzeil's Self-Improvement Boutique.
  6226 | Temple   | Entered the Ecumenical Temple
  6285 | Temple   | Became a worshipper of Ashenzari the Shackled
  6355 | D:5      | Slain by a black bear

Illustrated notes

Levels and vault maps discovered:
D:1:      onia_arrival_zoo_common, layout_basic,
          dreamdust_ecumenical_altar_grove
D:2:      layout_loops_ring
D:3:      layout_loops_ring
D:4:      layout_basic, mainiacjoe_overflow_surrounded_room,
          mainiacjoe_overflow_catwalk
D:5:      layout_rooms, nicolae_elyvilon_peaceful_grove,
          minmay_temple_entry_butterflies, dk_noncrumbling_3,
          nicolae_shop_self_help
Temple:   zaba_magenta_temple

Skill      XL: |  1  2  3  4  5  6  7 |
---------------+----------------------+-----
Dodging        | 2 3 |  3.0
Conjurations   | 5 6 |  6.9
Spellcasting   | 3 4 5 |  5.3
Stealth        | |  1.7

Action                   |  1- 3 |  4- 6 |  7- 9 || total
-------------------------+-------+-------+-------++-------
Melee: Unarmed           |    46 |       |       ||    46
       Tailslap          |     3 |     4 |     6 ||    13
       Dagger            |       |    73 |    32 ||   105
 Cast: Magic Dart        |    84 |   119 |    34 ||   237
       Searing Ray       |       |     6 |     3 ||     9
 Abil: Breathe Frost     |       |       |     3 ||     3
  Use: Scroll            |     1 |     9 |       ||    10
 Stab: Sleeping          |       |     1 |       ||     1
Armor: Skin              |    21 |    35 |    31 ||    87
Dodge: Dodged            |    54 |    51 |    52 ||   157

Table legend: (Time is in decaauts)
 A = Elapsed time spent in this place.
 B = Non-inter-level travel time spent in this place.
 C = Inter-level travel time spent in this place.
 D = Time resting spent in this place.
 E = Time spent auto-exploring this place.
 F = Levels seen in this place.
 G = Mean time per level.
                   A        B        C        D        E       F      G
               +--------+--------+--------+--------+--------+-----+--------+
         Total |   6357 |   6263 |     94 |    521 |   4574 |   6 | 1059.5 |
       Dungeon |   6283 |   6203 |     80 |    521 |   4525 |   5 | 1256.6 |
        Temple |     74 |     60 |     14 |      0 |     49 |   1 |   74.0 |
               +--------+--------+--------+--------+--------+-----+--------+

Top non-repeatable levels by time:
     D:1: 1783 daAuts
     D:4: 1598 daAuts
     D:3: 1231 daAuts
     D:2: 1040 daAuts
     D:5: 629 daAuts
  Temple: 74 daAuts
